 Dungeon Crawl Stone Soup version 0.30.1-4-g462c640d31 (webtiles) character file.

Game seed: 6967814943080466776

8210 HagarQim the Carver (level 11, -1/92 HPs)
             Began as a Minotaur Fighter on Sept 8, 2023.
             Was a Priest of Uskayaw.
             Slain by Urug
             ... wielding a +0 eveningstar of venom
              (16 damage)
             ... on level 10 of the Dungeon.
             The game lasted 00:23:28 (8239 turns).

HagarQim the Carver (Minotaur Fighter)              Turns: 8239, Time: 00:23:29

Health: -1/92      AC: 16    Str: 30    XL:     11   Next: 6%
Magic:  14/14      EV: 10    Int:  5    God:    Uskayaw [***...]
Gold:   807        SH:  5    Dex: 11    Spells: 10/10 levels left

rFire   . . .        h - +6 scimitar
rCold   . . .        c - +0 buckler
rNeg    . . .        v - +0 chain mail
rPois   .            (helmet restricted)
rElec   .            q - +0 cloak
rCorr   .            (no gloves)
SInv    .            (no boots)
Will    .....        e - amulet of regeneration Stlth
                     a - +6 ring of strength
HPRegen 1.15/turn    P - +4 ring of protection
MPRegen 0.14/turn

%: no passive effects
@: lethally poisoned (-1 -> -10)
A: horns 2, retaliatory headbutt
a: Renounce Religion, Stomp, Line Pass


You were on level 10 of the Dungeon.
You worshipped Uskayaw.
Uskayaw was noncommittal.
You visited 1 branch of the dungeon, and saw 10 of its levels.
You also visited: Bailey.

You collected 807 gold pieces.

Inventory:

Hand Weapons
 h - a +6 scimitar (weapon)
 z - a +1 broad axe of draining
 E - the +8 dagger of Distant Worlds {heavy, rCorr}
   (You found it in a bailey)

   rCorr:     It protects you from acid and corrosion.
 S - a +4 trident
 U - a +3 flail of freezing
 V - a +5 dire flail
Missiles
 i - 15 curare-tipped darts (quivered)
 o - 18 boomerangs
 p - a throwing net
 r - 7 atropa-tipped darts
 F - 13 poisoned darts
 J - 4 datura-tipped darts
Armour
 b - a +0 scale mail
 c - a +0 buckler (worn)
 q - a +0 cloak (worn)
 v - a +0 chain mail (worn)
Jewellery
 a - a +6 ring of strength (left hand)
 e - an amulet of regeneration (around neck)
 f - a ring of ice
 j - an amulet of faith
 l - a ring of protection from fire
 t - a ring of positive energy
 C - an amulet of reflection
 P - a +4 ring of protection (right hand)
Wands
 s - a wand of mindburst (18)
 y - a wand of flame (23)
 K - a wand of charming (15)
Scrolls
 g - a scroll of noise {unknown}
 u - 6 scrolls of fear
 H - a scroll of magic mapping
 N - a scroll of identify
 R - a scroll of enchant weapon
Potions
 k - a potion of mutation
 m - a potion of curing
 n - 2 potions of brilliance
 x - 2 potions of magic
 A - 2 potions of lignification
 B - 2 potions of heal wounds
 D - a potion of ambrosia {unknown}
 L - a potion of flight {unknown}
Miscellaneous
 G - a piece from Xom's chessboard (15/15)
 I - a phantom mirror
 Q - a condenser vane


   Skills:
 + Level 7.2 Fighting
 * Level 11.5 Long Blades
 - Level 8.2 Axes
 + Level 8.8 Armour
 + Level 2.3 Dodging
 + Level 4.4 Stealth
 + Level 5.6 Shields
 * Level 6.4 Invocations


You had 10 spell levels left.
You didn't know any spells.
Your spell library contained the following spells:

 Spells                   Type           Power      Damage    Failure   Level
 Beastly Appendage        Tmut           0%         N/A       91%         1
 Magic Dart               Conj           0%         1d3       91%         1
 Call Imp                 Summ           0%         N/A       97%         2
 Cigotuvi's Dreadful Rot  Necr/Pois/Air  0%         N/A       97%         2
 Poisonous Vapours        Pois/Air       0%         N/A       97%         2
 Wereblood                Tmut           0%         N/A       97%         2
 Ignite Poison            Fire/Tmut/Pois 0%         N/A       99%         3
 Mephitic Cloud           Conj/Pois/Air  0%         N/A       99%         3
 Spider Form              Tmut/Pois      0%         N/A       99%         3
 Vhi's Electric Charge    Tloc/Air       0%         N/A       99%         3
 Volatile Blastmotes      Fire/Tloc      0%         2d10      99%         3
 Fulminant Prism          Conj/Hex       0%         3d5       100%        4
 Iskenderun's Mystic Bla  Conj/Tloc      0%         2d3       100%        4
 Arcjolt                  Conj/Air       0%         1d10      100%        5
 Freezing Cloud           Conj/Ice/Air   0%         6-21      100%        5
 Lee's Rapid Deconstruct  Erth           0%         3d4*      100%        5
 Plasma Beam              Fire/Air       0%         2x1d11    100%        6


Dungeon Overview and Level Annotations

Branches:
Dungeon (10/15)            Temple (0/1) D:5          Bailey (visited)
   Lair: D:8-11         Orc: D:9-12

Altars:
Ashenzari
Kikubaaqudgha
Nemelex Xobeh
Uskayaw
The Shining One

Shops:
D:4 *   D:7 !

Annotations:
D:6 some centaurs on island
D:10 Urug


Innate Abilities, Weirdness & Mutations

You have a pair of horns on your head.
You reflexively headbutt those who attack you in melee.


Message History

The troll is heavily wounded.
Urug throws a silver javelin.
The silver javelin pierces through you!
You block the troll's attack. x2; The troll barely misses you.
You slash the troll! You headbutt the troll.
The troll is severely wounded.
The troll bites you! The troll claws you.
The troll claws you but does no damage.
You can now pass through a line of other dancers.
You slash the troll!
You kill the troll!
Your life force feels restored.
Found a dagger.
You block Urug's attack.
You slice Urug!!
Urug is moderately wounded.
Urug hits you with a +0 eveningstar of venom!!
You are poisoned.
Uskayaw will force your foes to helplessly watch your dance.
Uskayaw prepares the audience for your solo!
You are too injured to fight recklessly!
You are too injured to fight recklessly!
You are too injured to fight recklessly!
The helpless Urug fails to defend herself.
You slash Urug!
Urug is heavily wounded.
You feel sick.
Urug is no longer paralysed.
You closely miss Urug.
Urug is heavily wounded.
You feel sick.
Urug hits you with a +0 eveningstar of venom!
You hit Urug but do no damage. Your headbutt misses Urug.
Urug is heavily wounded.
You feel sick.
Urug hits you with a +0 eveningstar of venom!
* * * LOW HITPOINT WARNING * * *
You are more poisoned.
You closely miss Urug.
Urug is heavily wounded.
You feel very sick.
Urug hits you with a +0 eveningstar of venom!
You die...

#..).#.#...
#####./..#..$......
...................
.......!....8.8.8.# ..
..................##....
.......................>
......o................#
.......@...............#
.......................#
.......................#
######.................#
#########..........
########'#. #.#. #.#.
#...


You could see Urug.

Vanquished Creatures
  An orc knight (Bailey)
  Maggie (D:7)
  A komodo dragon (D:8)
  An unseen horror zombie (D:8)
  A troll (D:10)
  Grinder (D:3)
  Sigmund (D:4)
  3 wyverns
  8 yaks (D:9)
  2 acid dragons
  3 water moccasins
  An ice beast (D:8)
  A sky beast (D:7)
  6 orc warriors
  2 centaurs
  A phantom (D:6)
  4 necrophages (D:8)
  7 kobold brigands
  5 bullfrogs
  A scorpion (D:5)
  14 wights
  9 killer bees
  6 howler monkeys
  3 electric eels (D:9)
  A centaur zombie (D:8)
  5 hounds
  A human zombie (D:8)
  A jelly (D:5)
  A sleepcap (D:5)
  3 orc priests
  An iguana (D:5)
  2 orc wizards
  3 mummies (D:8)
  9 gnolls
  A howler monkey zombie (D:8)
  7 adders
  2 worms
  2 dart slugs
  12 orcs
  7 bats
  10 endoplasms
  A giant cockroach (D:3)
  11 goblins
  8 hobgoblins
  4 jackals (D:1)
  2 quokkas
  6 ball pythons
  2 frilled lizards
  21 kobolds
  7 rats
213 creatures vanquished.

Notes
Turn   | Place    | Note
-------+----------+-------------------------------------------
     0 | D:1      | HagarQim the Minotaur Fighter began the quest for the Orb.
     0 | D:1      | Reached XP level 1. HP: 19/19 MP: 0/0
   251 | D:1      | Reached XP level 2. HP: 27/27 MP: 1/1
   642 | D:1      | Reached XP level 3. HP: 33/33 MP: 2/2
  1450 | D:2      | Found a hide-covered altar of Uskayaw.
  1458 | D:2      | Became a worshipper of Uskayaw the Reveller
  1584 | D:2      | Reached * piety under Uskayaw
  1953 | D:3      | Reached ** piety under Uskayaw
  1954 | D:3      | Reached XP level 4. HP: 40/40 MP: 3/3
  1988 | D:3      | Found a sparkling altar of Nemelex Xobeh.
  2192 | D:3      | Noticed Grinder
  2199 | D:3      | Killed Grinder
  2200 | D:3      | Reached skill level 5 in Axes
  2200 | D:3      | Reached skill level 5 in Armour
  2200 | D:3      | Reached XP level 5. HP: 28/47 MP: 0/4
  2200 | D:3      | Reached XP level 6. HP: 32/53 MP: 0/5
  2729 | D:4      | Reached *** piety under Uskayaw
  2751 | D:4      | Noticed Sigmund
  2758 | D:4      | Killed Sigmund
  2759 | D:4      | Reached XP level 7. HP: 60/60 MP: 6/6
  2868 | D:4      | Found Nooru's Elemental Accessories.
  2878 | D:4      | Reached skill level 1 in Dodging
  2883 | D:4      | Reached **** piety under Uskayaw
  3194 | D:4      | Reached skill level 1 in Stealth
  3371 | D:5      | Entered Level 5 of the Dungeon
  3376 | D:5      | Found a broken altar of Ashenzari.
  3553 | D:5      | Found a staircase to the Ecumenical Temple.
  3659 | D:5      | Reached skill level 5 in Fighting
  3659 | D:5      | Reached skill level 1 in Invocations
  3665 | D:5      | HP: 2/61 [adder (3)]
  4192 | D:5      | Reached XP level 8. HP: 51/68 MP: 8/8
  4607 | D:6      | Reached skill level 1 in Long Blades
  4607 | D:6      | Reached skill level 5 in Shields
  4957 | D:7      | Reached skill level 2 in Long Blades
  4966 | D:7      | Reached ***** piety under Uskayaw
  5100 | D:7      | Found a glowing golden altar of the Shining One.
  5232 | D:7      | Reached skill level 3 in Long Blades
  5250 | D:7      | Noticed Maggie
  5256 | D:7      | Killed Maggie
  5257 | D:7      | Reached skill level 4 in Long Blades
  5257 | D:7      | Reached XP level 9. HP: 71/75 MP: 10/10
  5317 | D:7      | Reached skill level 5 in Long Blades
  5352 | D:7      | Found Zumieph's Distillery.
  5903 | D:8      | Reached skill level 6 in Long Blades
  5983 | D:8      | Found a flagged portal.
  5993 | Bailey   | Entered a bailey
  6015 | Bailey   | Reached skill level 7 in Long Blades
  6234 | Bailey   | Noticed an orc knight
  6256 | Bailey   | Killed an orc knight
  6427 | Bailey   | Identified the +8 dagger of Distant Worlds {heavy, rCorr}
  6451 | Bailey   | Reached skill level 8 in Long Blades
  6458 | Bailey   | Reached XP level 10. HP: 35/84 MP: 12/12
  6483 | Bailey   | Found an iron altar of Okawaru.
  6737 | D:8      | Reached skill level 5 in Invocations
  6742 | D:8      | Reached skill level 9 in Long Blades
  7269 | D:8      | Found an ancient bone altar of Kikubaaqudgha.
  7302 | D:8      | Reached skill level 10 in Long Blades
  7768 | D:9      | Reached skill level 11 in Long Blades
  7801 | D:9      | Reached XP level 11. HP: 75/92 MP: 14/14
  8150 | D:10     | Entered Level 10 of the Dungeon
  8227 | D:10     | Noticed Urug
  8239 | D:10     | Slain by Urug

Illustrated notes

Levels and vault maps discovered:
D:1:      psy_arrival_radial01, layout_loops_corners, minmay_close_crescents
D:2:      layout_basic, basic_altar
D:3:      layout_loops_corners, lemuel_crystal_altar, uniq_grinder
D:4:      layout_loops_cross, nicolae_elemental_shop, uniq_sigmund
D:5:      layout_cave_pods, nicolae_ashenzari_panopticon,
          minmay_temple_entry_slanted, reono_crystal_passage
D:6:      layout_rooms, kennysheep_path_1, minmay_misc_feat_roman, centaur_isle
D:7:      layout_basic, mainiacjoe_overflow_paths, serial_shops,
          nicolae_shop_industrial_runoff, uniq_maggie
D:8:      layout_loops_ring, lemuel_mausoleum_altar_kikubaaqudgha,
          enter_bailey_3, minmay_increasing_density
D:9:      layout_basic
D:10:     layout_basic, eat_drink_and_be_merry_uskayaw, general_overflow_altar,
          lair_entry_dummy, uniq_urug

Skill      XL: |  1  2  3  4  5  6  7  8  9 10 |
---------------+-------------------------------+-----
Shields        | 4 5 |  5.6
Axes           | 3 5 6 7 8 |  8.2
Fighting       | 4 5 6 7 |  7.2
Armour         | 4 5 6 7 8 |  8.8
Dodging        | 1 2 |  2.3
Stealth        | 1 2 3 4 |  4.4
Invocations    | 1 3 4 6 |  6.4
Long Blades    | 4 8 11 | 11.5

Action                     |  1- 3 |  4- 6 |  7- 9 | 10-12 || total
---------------------------+-------+-------+-------+-------++-------
  Melee: War axe           |   104 |    34 |   112 |       ||   250
         Headbutt          |    11 |     9 |    27 |    36 ||    83
         Scimitar          |       |       |   127 |   167 ||   294
 Invoke: Stomp             |       |     1 |     7 |       ||     8
         Grand Finale      |       |       |       |     1 ||     1
    Use: Scroll            |     5 |       |    12 |     1 ||    18
         Potion            |       |     1 |     4 |       ||     5
   Stab: Paralysed         |       |     1 |    18 |    13 ||    32
 Armour: Scale mail        |    56 |    11 |     2 |       ||    69
         Chain mail        |       |       |   147 |    47 ||   194
         Skin              |       |       |     7 |       ||     7
  Dodge: Dodged            |    44 |    12 |   139 |    43 ||   238
  Block: Buckler           |    18 |     4 |    80 |    25 ||   127
